 Dungeon Crawl Stone Soup version 0.22-a0-136-g83a10e5 (webtiles) character file.

285 KarmaPolice the Sneak (level 6, -7/48 HPs)
             Began as a Vampire Assassin on Feb 3, 2018.
             Killed from afar by an orc wizard (11 damage)
             ... with a magic dart
             ... on level 4 of the Dungeon.
             The game lasted 00:10:24 (5015 turns).

KarmaPolice the Sneak (Vampire Assassin)            Turns: 5015, Time: 00:10:25

Health: -7/48      AC:  5    Str: 10    XL:     6   Next: 7%
Magic:  6/6        EV: 12    Int: 13    God:
Gold:   167        SH:  0    Dex: 18    Spells: 5/5 levels left

rFire    . . .     SeeInvis +   a - +2 dagger
rCold    + . .     Gourm    .   (no shield)
rNeg     + + .     Faith    .   c - +0 robe
rPois    +         Spirit   .   p - +0 helmet (curse)
rElec    .         Reflect  .   d - +0 cloak
rCorr    .         Harm     .   o - +0 pair of gloves
MR       .....                  (no boots)
Stlth    ++++......             (no amulet)
HPRegen  0.08/turn              (no ring)
MPRegen  0.10/turn              (no ring)

@: regenerating slowly
A: fangs 3, see invisible, unbreathing
a: Bat Form


You were on level 4 of the Dungeon.
You were near bloodless.

You visited 1 branch of the dungeon, and saw 4 of its levels.

You collected 167 gold pieces.

Inventory:

Hand Weapons
 a - a +2 dagger (weapon)
 b - a +0 blowgun
Missiles
 e - 2 poisoned needles
 f - 2 curare-tipped needles
Armour
 c - a +0 robe (worn)
 d - a +0 cloak (worn)
 o - a +0 pair of gloves (worn)
 p - a cursed +0 helmet (worn)
Scrolls
 h - a scroll of amnesia {unknown}
 j - a scroll of teleportation
 n - 2 scrolls of identify {unknown}
 q - a scroll of enchant weapon {unknown}
 r - 2 scrolls of remove curse {unknown}
Potions
 g - 21 potions of blood
 i - a potion of degeneration {unknown}
 k - 3 potions of curing {unknown}
 l - 2 potions of lignification {unknown}
 m - 5 potions of might {unknown}
 s - a potion of invisibility {unknown}
 t - a potion of brilliance {unknown}


   Skills:
 + Level 4.2 Fighting
 + Level 5.2 Short Blades
 - Level 1.5 Throwing
 - Level 1.1 Dodging
 - Level 5.8 Stealth


You had 5 spell levels left.
You didn't know any spells.

Dungeon Overview and Level Annotations

Branches:
Dungeon (4/15)
 Temple: D:4-7

Altars:
Dithmenos
Elyvilon
Fedhas
Kikubaaqudgha
Sif Muna
Trog
Vehumet

Shops:
D:4 =

Annotations:
D:3 dxctxrx's ghost, amateur GnAs


Innate Abilities, Weirdness & Mutations

You heal slowly.
You have razor-sharp teeth.
You have supernaturally acute eyesight. (SInv)
You can survive without breathing.


Message History

The orc wizard hits you but does no damage.
The orc misses you.
You hit the orc wizard.
The orc wizard is heavily wounded.
The orc wizard hits you with a dagger.
You hit the orc wizard but do no damage.
You bite the orc wizard, but do no damage.
The orc wizard is heavily wounded.
The orc wizard casts a spell.
The orc wizard blinks!
The orc hits you from afar with a trident.
The orc wizard gestures at you while chanting.
The magic dart hits you!
* * * LOW HITPOINT WARNING * * *
The orc hits you from afar with a trident.
* * * LOW HITPOINT WARNING * * *
The orc closely misses you. The orc wizard casts a spell at you.
The magic dart hits you!
You die...

########## #........##
#..o....... ##### #..#.......
##...#### ####o.#....... #.
##.......###..(..#....... #<.
##......[.@...(.#.#.......
#>.##......∩.)...§((#.#.......
#......##...####o.....#..o.o..
#.....##..### #####..#...oo..
#.....#...# ..# ###........##
..# ...........# ...
..........## ... .####.....###
###


You could see an orc wizard and an orc.

Vanquished Creatures
  An orc priest (D:4)
  2 worker ants (D:4)
  4 gnolls
  6 adders
  2 oozes (D:3)
  7 worms
  2 leopard geckos
  3 orcs (D:3)
  9 giant cockroaches
  8 goblins
  7 hobgoblins
  10 jackals
  9 kobolds
  A quokka (D:2)
  8 bats
  3 frilled lizards
  2 leopard gecko skeletons (D:4)
  4 rats
88 creatures vanquished.

Notes
Turn   | Place    | Note
-------+----------+-------------------------------------------
     0 | D:1      | KarmaPolice the Vampire Assassin began the quest for the Orb.
     0 | D:1      | Reached XP level 1. HP: 16/16 MP: 1/1
   477 | D:1      | Reached XP level 2. HP: 5/22 MP: 2/2
  1248 | D:2      | Reached XP level 3. HP: 28/28 MP: 3/3
  1630 | D:2      | Found a radiant altar of Vehumet.
  1635 | D:2      | Reached XP level 4. HP: 34/35 MP: 4/4
  3302 | D:3      | Found an ancient bone altar of Kikubaaqudgha.
  3314 | D:3      | Reached XP level 5. HP: 36/41 MP: 5/5
  3315 | D:3      | Found a shadowy altar of Dithmenos.
  3408 | D:3      | Found a deep blue altar of Sif Muna.
  3417 | D:3      | Noticed dxctxrx's ghost (amateur GnAs)
  3880 | D:3      | Found a bloodstained altar of Trog.
  4062 | D:4      | Found a white marble altar of Elyvilon.
  4089 | D:4      | Reached skill level 5 in Short Blades
  4113 | D:4      | Found a blossoming altar of Fedhas.
  4152 | D:4      | Noticed a centaur
  4157 | D:4      | Noticed an ogre
  4942 | D:4      | Found Qithovy's Jewellery Boutique.
  4994 | D:4      | Reached XP level 6. HP: 31/48 MP: 6/6
  5015 | D:4      | Killed from afar by an orc wizard

Vault maps used:
D:1:      dpeg_arrival_tiny_g
D:2:      cheibrodos_old_hovel, vehumet_crystals
D:3:      old_standard_altar, lemuel_coloured_pillars_altar,
          grunt_temple_overflow_open, first_ration, minmay_bisected
D:4:      cheibrodos_pilgrimage, fedhas_bush_and_centaur_altar,
          kennysheep_mini_moat, lemuel_doored_altar, serial_shops, shop

Skill      XL: |  1  2  3  4  5 |
---------------+----------------+-----
Fighting       | 2 3 4 |  4.2
Short Blades   | 3 4 5 |  5.2
Throwing       | |  1.5
Dodging        | |  1.1
Stealth        | |  5.8

Action                   |  1- 3 |  4- 6 || total
-------------------------+-------+-------++-------
Melee: Dagger            |    75 |   196 ||   271
       Bite              |     4 |    19 ||    23
       Unarmed           |       |     1 ||     1
 Fire: Blowgun           |     5 |    21 ||    26
 Abil: End Transformatio |       |     9 ||     9
       Bat Form          |       |     9 ||     9
  Use: Potion            |       |     4 ||     4
       Scroll            |       |     1 ||     1
 Stab: Sleeping          |    11 |    17 ||    28
       Distracted        |       |     1 ||     1
  Eat: Corpse            |       |     1 ||     1
Armor: Robe              |    15 |    49 ||    64
Dodge: Dodged            |    39 |   128 ||   167

Table legend:
 A = Spawn XP
 B = Non-spawn XP
 C = Spawn XP percentage of total XP
 D = Spawn monster count
 E = Non-spawn monster count
 F = Spawn count percentage of total count
 G = Total turns spent on level
                    A         B        C        D         E        F      G
               +---------+---------+-------+---------+---------+-------+---------
         Total |       0 |     408 |   0.0 |       0 |      88 |   0.0 |  5015
               +---------+---------+-------+---------+---------+-------+---------
           D:1 |       0 |      38 |   0.0 |       0 |      16 |   0.0 |  1179
           D:2 |       0 |     151 |   0.0 |       0 |      33 |   0.0 |  2171
           D:3 |       0 |      93 |   0.0 |       0 |      33 |   0.0 |  1274
           D:4 |       0 |     126 |   0.0 |       0 |       6 |   0.0 |   391
               +---------+---------+-------+---------+---------+-------+---------
